3A
GRAND FORKS CATERPILLARS @ KENNESAW JETS
07/27/2023
 
TOP OF THE 1ST
Grand Forks Caterpillars batting - Pitching for Kennesaw Jets : RHP Augusto Ramos
Pitching: RHP Augusto Ramos
Batting: RHB Carlos Trujillo 0-0: Hit by Pitch
Batting: RHB Salvador Esparza 0-0: Called Strike
0-1: Foul Ball, location: 2F
0-2: Ball
1-2: Ball
2-2: Foul Ball, location: 2F
2-2: Strikes out looking
Batting: RHB Joseph Papasogli 0-0: Called Strike
0-1: Swinging Strike
0-2: Strikes out looking
Batting: LHB Javier Antonio 0-0: Ball
1-0: Called Strike
1-1: Ball
2-1: SINGLE (Groundball, 34D)
Carlos Trujillo to second
Runner from 2nd tries for 3rd, OUT!
Top of the 1st over - 0 run(s), 1 hit(s), 0 error(s), 1 left on base; Grand Forks 0 - Kennesaw 0
BOTTOM OF THE 1ST
Kennesaw Jets batting - Pitching for Grand Forks Caterpillars : LHP Heng-zong Xie
Pitching: LHP Heng-zong Xie
Batting: RHB Carlos Soto 0-0: Ball
1-0: Swinging Strike
1-1: Ground out 6-3 (Groundball, 56)
Batting: SHB Juan Torres 0-0: Foul Ball, location: 2F
0-1: Fly out, F6 (Popup, 6M)
Batting: RHB Clarence Therrien 0-0: Fly out, F4 (Popup, 4MD)
Bottom of the 1st over - 0 run(s), 0 hit(s), 0 error(s), 0 left on base; Grand Forks 0 - Kennesaw 0
TOP OF THE 2ND
Grand Forks Caterpillars batting - Pitching for Kennesaw Jets : RHP Augusto Ramos
Batting: LHB Víctor Fortis 0-0: Ball
1-0: Ball
2-0: Ball
3-0: Called Strike
3-1: Foul Ball, location: 2F
3-2: Strikes out looking
Batting: LHB Damian Delaney 0-0: Called Strike
0-1: Called Strike
0-2: Ground out 6-3 (Groundball, 6M)
Batting: LHB Ricardo Collazo 0-0: Ball
1-0: Ball
2-0: Called Strike
2-1: Foul Ball, location: 2F
2-2: SINGLE (Groundball, 34D)
Batting: RHB Lúcio Marín 0-0: Foul Ball, location: 2F
0-1: Swinging Strike
0-2: Strikes out swinging
Top of the 2nd over - 0 run(s), 1 hit(s), 0 error(s), 1 left on base; Grand Forks 0 - Kennesaw 0
BOTTOM OF THE 2ND
Kennesaw Jets batting - Pitching for Grand Forks Caterpillars : LHP Heng-zong Xie
Batting: RHB Carlos Ávila 0-0: Swinging Strike
0-1: Swinging Strike
0-2: Ball
1-2: Ball
2-2: Ball
3-2: Base on Balls
Batting: LHB Nelson Martínez 0-0: Ball
1-0: Fly out, F6 (Popup, 7LS)
Batting: RHB Juan Camacho 0-0: Called Strike
Throwing error on steal attempt, E2
Carlos Ávila to third
0-1: Ground out 2-3 (Groundball, 2R)
Batting: RHB Andrés Sánchez 0-0: Called Strike
0-1: Ball
Wild Pitch!
Carlos Ávila scores
1-1: Ball
2-1: Ball
3-1: Swinging Strike
3-2: Strikes out swinging
Bottom of the 2nd over - 1 run(s), 0 hit(s), 1 error(s), 0 left on base; Grand Forks 0 - Kennesaw 1
TOP OF THE 3RD
Grand Forks Caterpillars batting - Pitching for Kennesaw Jets : RHP Augusto Ramos
Batting: RHB Warner Lewis 0-0: Called Strike
0-1: Swinging Strike
0-2: Strikes out looking
Batting: RHB Carlos Trujillo 0-0: Called Strike
0-1: Ball
1-1: Ground out 6-3 (Groundball, 6)
Batting: RHB Salvador Esparza 0-0: Ball
1-0: Swinging Strike
1-1: SINGLE (Groundball, 5S)
Batting: RHB Joseph Papasogli 0-0: Called Strike
0-1: Swinging Strike
0-2: Strikes out swinging
Top of the 3rd over - 0 run(s), 1 hit(s), 0 error(s), 1 left on base; Grand Forks 0 - Kennesaw 1
BOTTOM OF THE 3RD
Kennesaw Jets batting - Pitching for Grand Forks Caterpillars : LHP Heng-zong Xie
Batting: RHB Ernesto López 0-0: Called Strike
0-1: Ball
1-1: Foul Ball, location: 2F
1-2: Ball
2-2: Ball
3-2: Base on Balls
Batting: RHB Alfredo Ayala 0-0: Foul Ball, location: 2F
0-1: Called Strike
0-2: Fly out, F9 (Flyball, 89M)
Batting: RHB Carlos Soto 0-0: Ball
1-0: DOUBLE (Line Drive, 78M)
Ernesto López to third
Batting: SHB Juan Torres 0-0: Called Strike
0-1: Foul Ball, location: 2F
0-2: Ball
1-2: Strikes out swinging
Batting: RHB Clarence Therrien 0-0: Foul Ball, location: 2F
0-1: Ball
1-1: Swinging Strike
1-2: Fly out, F9 (Flyball, 9M)
Bottom of the 3rd over - 0 run(s), 1 hit(s), 0 error(s), 2 left on base; Grand Forks 0 - Kennesaw 1
TOP OF THE 4TH
Grand Forks Caterpillars batting - Pitching for Kennesaw Jets : RHP Augusto Ramos
Batting: LHB Javier Antonio 0-0: Ball
1-0: Called Strike
1-1: Ball
2-1: Ball
3-1: Foul Ball, location: 2F
3-2: Ground out 4-3 (Groundball, 13)
Batting: LHB Víctor Fortis 0-0: Called Strike
0-1: Foul Ball, location: 2F
0-2: Ball
1-2: SINGLE (Line Drive, 3D)
Batting: LHB Damian Delaney 0-0: Swinging Strike
0-1: Called Strike
0-2: Strikes out looking
Batting: LHB Ricardo Collazo 0-0: Called Strike
0-1: Swinging Strike
0-2: Ball
1-2: SINGLE (Groundball, 34S)
Víctor Fortis to second
Runner from 2nd tries for 3rd, SAFE, throw made to third
Batting: RHB Lúcio Marín 0-0: Called Strike
0-1: Called Strike
0-2: Ball
1-2: Strikes out swinging
Top of the 4th over - 0 run(s), 2 hit(s), 0 error(s), 2 left on base; Grand Forks 0 - Kennesaw 1
BOTTOM OF THE 4TH
Kennesaw Jets batting - Pitching for Grand Forks Caterpillars : LHP Heng-zong Xie
Batting: RHB Carlos Ávila 0-0: Called Strike
0-1: Ball
1-1: Called Strike
1-2: Strikes out swinging
Batting: LHB Nelson Martínez 0-0: Called Strike
0-1: SINGLE (Line Drive, 6M)
Batting: RHB Juan Camacho 0-0: Fly out, F2 (Popup, 25F)
Batting: RHB Andrés Sánchez 0-0: Ball
1-0: TRIPLE (Line Drive, 89M)
Nelson Martínez scores
Batting: RHB Ernesto López 0-0: Foul Ball, location: 2F
0-1: Foul Ball, location: 2F
0-2: Ball
1-2: Foul Ball, location: 2F
1-2: Foul Ball, location: 2F
1-2: SINGLE (Line Drive, 7LS)
Andrés Sánchez scores
Batting: RHB Alfredo Ayala 0-0: Ground out 5-3 (Groundball, 56)
Bottom of the 4th over - 2 run(s), 3 hit(s), 0 error(s), 1 left on base; Grand Forks 0 - Kennesaw 3
TOP OF THE 5TH
Grand Forks Caterpillars batting - Pitching for Kennesaw Jets : RHP Augusto Ramos
Batting: RHB Warner Lewis 0-0: Foul Ball, location: 2F
0-1: Called Strike
0-2: Foul Ball, location: 2F
0-2: Ball
1-2: Ball
2-2: Strikes out swinging
Batting: RHB Carlos Trujillo 0-0: Ball
1-0: Called Strike
1-1: Ball
2-1: Fly out, F8 (Flyball, 78M)
Batting: RHB Salvador Esparza 0-0: Ball
1-0: Swinging Strike
1-1: Ball
2-1: Foul Ball, location: 2F
2-2: Ground out 6-3 (Groundball, 6M)
Top of the 5th over - 0 run(s), 0 hit(s), 0 error(s), 0 left on base; Grand Forks 0 - Kennesaw 3
BOTTOM OF THE 5TH
Kennesaw Jets batting - Pitching for Grand Forks Caterpillars : LHP Heng-zong Xie
Batting: RHB Carlos Soto 0-0: Called Strike
0-1: Ball
1-1: SINGLE (Line Drive, 56)
Batting: SHB Juan Torres 0-0: Ball
Carlos Soto steals 2nd base
1-0: Called Strike
1-1: Ball
2-1: Swinging Strike
2-2: Fly out, F4 (Popup, 4D)
Batting: RHB Clarence Therrien 0-0: Called Strike
0-1: Ball
1-1: Called Strike
1-2: Ball
2-2: Ball
3-2: Fly out, F7 (Line Drive, 8LS)
Batting: RHB Carlos Ávila 0-0: Ball
1-0: Ground out 6-3 (Groundball, 6M)
Bottom of the 5th over - 0 run(s), 1 hit(s), 0 error(s), 1 left on base; Grand Forks 0 - Kennesaw 3
TOP OF THE 6TH
Grand Forks Caterpillars batting - Pitching for Kennesaw Jets : RHP Augusto Ramos
Batting: RHB Joseph Papasogli 0-0: Ball
1-0: Ball
2-0: Ball
3-0: Called Strike
3-1: Foul Ball, location: 2F
3-2: Fly out, F9 (Flyball, 9M)
Batting: LHB Javier Antonio 0-0: Ball
1-0: Called Strike
1-1: Called Strike
1-2: Ball
2-2: Ball
3-2: Strikes out swinging
Batting: LHB Víctor Fortis 0-0: Called Strike
0-1: Called Strike
0-2: Strikes out swinging
Top of the 6th over - 0 run(s), 0 hit(s), 0 error(s), 0 left on base; Grand Forks 0 - Kennesaw 3
BOTTOM OF THE 6TH
Kennesaw Jets batting - Pitching for Grand Forks Caterpillars : LHP Heng-zong Xie
Batting: LHB Nelson Martínez 0-0: Ball
1-0: Foul Ball, location: 2F
1-1: DOUBLE (Groundball, 5L)
Batting: RHB Juan Camacho 0-0: Ball
1-0: Ball
2-0: Ball
Wild Pitch!
Nelson Martínez to third
3-0: Called Strike
3-1: Fly out, F4 (Popup, 4MD)
Pitching: LHP Rio Bavin
Batting: RHB Andrés Sánchez 0-0: Ball
1-0: Ball
2-0: Ball
3-0: Called Strike
3-1: Base on Balls
Batting: RHB Ernesto López 0-0: Called Strike
0-1: Ball
1-1: Ball
Andrés Sánchez is caught stealing 2nd base
2-1: Fly out, F9 (Flyball, 9M)
Bottom of the 6th over - 0 run(s), 1 hit(s), 0 error(s), 1 left on base; Grand Forks 0 - Kennesaw 3
TOP OF THE 7TH
Grand Forks Caterpillars batting - Pitching for Kennesaw Jets : RHP Augusto Ramos
Batting: LHB Damian Delaney 0-0: Ball
1-0: Swinging Strike
1-1: Foul Ball, location: 2F
1-2: Ball
2-2: Ball
3-2: Strikes out swinging
Batting: LHB Ricardo Collazo 0-0: Called Strike
0-1: Called Strike
0-2: SINGLE (Flyball, 8RS)
Pitching: RHP Dan Miller
Batting: RHB Lúcio Marín 0-0: Fielders Choice at 2nd, 6-4 (Groundball, 6M)
Batting: RHB Warner Lewis 0-0: Foul Ball, location: 2F
0-1: Ball
1-1: Ground out 6-3 (Groundball, 6)
Top of the 7th over - 0 run(s), 1 hit(s), 0 error(s), 1 left on base; Grand Forks 0 - Kennesaw 3
BOTTOM OF THE 7TH
Kennesaw Jets batting - Pitching for Grand Forks Caterpillars : LHP Rio Bavin
Batting: RHB Alfredo Ayala 0-0: Ball
1-0: SINGLE (Groundball, 56D)
Batting: RHB Carlos Soto 0-0: Bunted foul
0-1: Sac Bunt - play at second, runner OUT! 2-6
Batting: SHB Juan Torres 0-0: Swinging Strike
0-1: Called Strike
0-2: Fielders Choice at 2nd, 5-4 (Groundball, 5)
Batting: RHB Clarence Therrien 0-0: Ball
1-0: Ball
2-0: Foul Ball, location: 2F
2-1: Fielders Choice at 2nd, 5-4 (Groundball, 5)
Bottom of the 7th over - 0 run(s), 1 hit(s), 0 error(s), 0 left on base; Grand Forks 0 - Kennesaw 3
TOP OF THE 8TH
Grand Forks Caterpillars batting - Pitching for Kennesaw Jets : RHP Dan Miller
Batting: RHB Carlos Trujillo 0-0: Called Strike
0-1: SINGLE (Line Drive, 8LS)
Pitching: RHP Renaud Cesaresco
Batting: RHB Salvador Esparza 0-0: Ball
1-0: Fly out, F8 (Flyball, 8RM)
Batting: RHB Joseph Papasogli 0-0: SINGLE (Groundball, 56D) (infield hit)
Carlos Trujillo to second
Pitching: LHP Gerald Dixon
Batting: LHB Javier Antonio 0-0: Called Strike
0-1: Ball
1-1: Ball
2-1: Ball
3-1: Base on Balls
Carlos Trujillo to third
Joseph Papasogli to second
Batting: LHB Víctor Fortis 0-0: SINGLE (Groundball, 13) (infield hit)
Carlos Trujillo scores
Joseph Papasogli to third
Javier Antonio to second
Batting: LHB Damian Delaney 0-0: Called Strike
0-1: Ball
1-1: Called Strike
1-2: Foul Ball, location: 2F
1-2: Strikes out looking
Batting: LHB Ricardo Collazo 0-0: Fielders Choice at 2nd, 6-4 (Groundball, 6MS)
Top of the 8th over - 1 run(s), 3 hit(s), 0 error(s), 2 left on base; Grand Forks 1 - Kennesaw 3
BOTTOM OF THE 8TH
Kennesaw Jets batting - Pitching for Grand Forks Caterpillars : LHP Rio Bavin
Batting: RHB Carlos Ávila 0-0: Ball
1-0: Ball
2-0: Swinging Strike
2-1: Ball
3-1: Called Strike
3-2: Strikes out swinging
Batting: LHB Nelson Martínez 0-0: Fly out, F9 (Flyball, 89M)
Batting: RHB Juan Camacho 0-0: Foul Ball, location: 2F
0-1: Called Strike
0-2: Ground out 6-3 (Groundball, 6M)
Bottom of the 8th over - 0 run(s), 0 hit(s), 0 error(s), 0 left on base; Grand Forks 1 - Kennesaw 3
TOP OF THE 9TH
Grand Forks Caterpillars batting - Pitching for Kennesaw Jets : LHP Gerald Dixon
Pitching: RHP Manny Benavides
Now at 3B: Beau Murphy
Batting: RHB Lúcio Marín 0-0: Foul Ball, location: 2F
0-1: Fly out, F6 (Popup, 6)
Batting: RHB Warner Lewis 0-0: Ball
1-0: Ball
2-0: Called Strike
2-1: Fly out, F8 (Flyball, 8RM)
Batting: RHB Carlos Trujillo 0-0: Ball
1-0: Foul Ball, location: 2F
1-1: Foul Ball, location: 2F
1-2: Strikes out swinging
Top of the 9th over - 0 run(s), 0 hit(s), 0 error(s), 0 left on base; Grand Forks 1 - Kennesaw 3
This league is powered by Out of the Park Baseball, the baseball management simulation game for PC, Mac and Linux
Friday, July 8th, 2016 - OOTP Baseball 16.9 Build 39